Map: Rooftop Terrace

Players

A.I. 7 (Harder)

  • Race: Zerg Zerg
  • Spawn Location: 12:00

A.I. 6 (Harder)

  • Race: Terran Terran
  • Spawn Location: 11:00

A.I. 5 (Harder)

  • Race: Terran Terran
  • Spawn Location: 12:00

A.I. 4 (Harder)

  • Race: Terran Terran
  • Spawn Location: 1:00

CmdrBeaumont - Winner!

  • Race: Protoss Protoss
  • Spawn Location: 5:00

TNF - Winner!

  • Race: Protoss Protoss
  • Spawn Location: 6:00

Raynar - Winner!

  • Race: Protoss Protoss
  • Spawn Location: 6:00

Throwfordays - Winner!

  • Race: Protoss Protoss
  • League: Silver
  • Spawn Location: 7:00

VOD

Have the link to the VOD?

Description

Time

  • Played on: Sept. 12, 2020, 5:11 p.m.
  • Length: 15:26
Show
View Real Time Build Order
Export as new Build Order

A.I. 7 (Harder) Zerg 

Build Orders: 1 Base Baneling Bust, Pool First 

Get SALT Encoding   

  12  0:01  Drone  
  13  0:12  Overlord  
  13  0:17  Drone  
  14  0:30  Drone x2  
  16  0:44  Spawning Pool  
  16  0:45  Drone  
  16  0:50  Drone  
  16  0:52  Extractor  
  16  0:55  Drone  
  17  1:06  Overlord  
  17  1:31  Queen, Zergling x2  
  20  1:35  Zergling x2  
  20  1:38  Drone  
  20  1:39  Roach Warren  
  21  1:40  Extractor  
  20  1:49  Drone  
  21  2:00  Drone  
  22  2:12  Drone  
  23  2:21  Overlord  
  23  2:32  Roach  
  25  2:38  Roach  
  25  2:39  Drone  
  25  2:43  Roach  
  30  2:46  Overlord  
  30  2:55  Roach  
  34  3:05  Roach  
  34  3:10  Roach  
  34  3:12  Overlord  
  36  3:14  Roach  
  36  3:18  Roach  
  40  3:28  Roach  
  42  3:37  Baneling Nest  
  42  3:38  Drone  
  42  3:42  Drone, Roach  
  42  3:43  Drone  
  46  3:50  Drone  
  47  3:59  Evolution Chamber  
  47  4:01  Drone  
  47  4:11  Drone  
  47  4:13  Overlord  
  47  4:14  Drone  
  47  4:16  Drone  
  50  4:40  Lair  
  50  4:56  Zerg Melee Weapons Level 1  
  49  5:25  Zergling x2  
  49  5:34  Roach  
  39  5:38  Burrow  
  39  5:41  Roach, Hydralisk Den  
  32  5:45  Drone, Infestation Pit  
  32  5:48  Roach  
  34  5:55  Roach  
  36  6:02  Roach  
  38  6:10  Roach  
  40  6:17  Roach  
  42  6:23  Hydralisk  
  42  6:24  Spore Crawler, Drone  
  44  6:32  Spore Crawler  
  46  6:34  Hatchery  
  46  6:38  Hydralisk  
  46  6:39  Drone  
  48  6:45  Swarm Host  
  51  6:50  Zerg Ground Armor Level 1  
  51  6:52  Overseer, Hydralisk  
  51  6:53  Overseer  
  53  7:03  Spine Crawler  
  52  7:10  Spine Crawler  
  51  7:17  Queen  
  53  7:34  Spire  
  53  7:36  Drone  
  53  7:44  Evolution Chamber  
  52  7:46  Drone  
  52  7:49  Drone  
  54  7:55  Drone  
  55  8:00  Drone  
  55  8:04  Drone  
  57  8:07  Drone  
  57  8:09  Zerg Missile Weapons Level 1  
  57  8:10  Drone  
  59  8:13  Drone  
  59  8:16  Drone  
  61  8:22  Overlord  
  61  8:27  Pneumatized Carapace  
  61  8:45  Mutalisk  
  63  8:52  Corruptor  
  65  8:58  Mutalisk  
  65  8:59  Overlord  
  65  9:01  Extractor  
  66  9:05  Mutalisk  
  68  9:15  Hatchery  
  65  9:17  Extractor  
  65  9:19  Overlord  
  48  9:38  Drone  
  37  9:42  Roach  
  32  9:48  Mutalisk  
  32  10:06  Drone  
  29  10:13  Spire  
  24  10:25  Overlord  
  22  10:34  Queen, Drone  
  22  10:35  Drone  
  18  10:56  Spawning Pool  
  17  10:57  Drone  
  17  11:17  Drone  
  17  11:19  Queen  
  17  11:22  Drone  
  17  11:23  Queen  
  18  11:27  Drone  
  19  11:35  Extractor  
  18  11:45  Queen  
  18  11:46  Drone  
  19  11:50  Extractor  
  16  11:56  Overlord  
  16  11:59  Drone  
  17  12:05  Drone  
  17  12:07  Drone  
  9  12:22  Drone  
  5  12:23  Drone  
  5  12:26  Drone  
Show
View Real Time Build Order
Export as new Build Order

A.I. 6 (Harder) Terran 

Build Orders:  

Get SALT Encoding   

  12  0:01  SCV  
  13  0:13  SCV  
  14  0:19  Supply Depot  
  14  0:25  SCV  
  15  0:41  SCV  
  16  0:45  Barracks  
  16  0:50  Refinery  
  16  0:53  SCV  
  17  1:05  SCV  
  18  1:17  SCV  
  19  1:22  Supply Depot  
  19  1:30  SCV  
  19  1:32  Marine  
  21  1:42  Orbital Command, Barracks  
  21  1:50  Refinery, Barracks Tech Lab  
  21  2:08  Marine  
  21  2:10  Supply Depot  
  22  2:26  Marauder  
  22  2:29  Marine  
  25  2:43  Supply Depot  
  25  2:47  Marine  
  25  2:48  Marauder  
  28  3:04  Marine, SCV  
  30  3:09  Marauder  
  32  3:16  SCV  
  32  3:17  Engineering Bay  
  33  3:22  Marine  
  33  3:26  Supply Depot  
  34  3:28  SCV  
  34  3:31  Marauder  
  37  3:40  Marine, SCV  
  39  3:51  Marine  
  39  3:52  SCV  
  41  3:58  Marine  
  42  4:04  SCV  
  45  4:10  Marauder  
  45  4:56  Barracks Tech Lab  
  45  4:58  Reaper, Stimpack  
  46  5:01  Factory  
  46  5:03  Terran Infantry Weapons Level 1  
  46  5:05  Factory  
  46  5:07  SCV  
  46  5:09  Supply Depot  
  46  5:14  Concussive Shells  
  46  5:15  Marine  
  47  5:30  Marine  
  47  5:33  Marauder  
  50  5:38  Missile Turret  
  50  5:44  Missile Turret  
  50  5:47  Starport, Factory Tech Lab  
  50  5:48  Reaper  
  51  5:51  Starport  
  51  5:52  Command Center  
  51  5:53  Factory Tech Lab  
  51  5:54  Marine  
  52  5:57  Combat Shield  
  52  6:00  Ghost Academy  
  52  6:23  Bunker  
  52  6:24  Starport Tech Lab  
  52  6:27  Starport Tech Lab  
  52  6:31  Ghost  
  54  6:46  Raven  
  56  6:48  Barracks  
  56  6:58  Terran Infantry Armor Level 1  
  56  7:04  SCV  
  56  7:05  SCV  
  58  7:13  Refinery  
  58  7:15  Missile Turret  
  58  7:16  SCV  
  58  7:17  SCV  
  60  7:23  Missile Turret  
  60  7:24  Raven  
  60  7:25  Refinery  
  60  7:28  SCV  
  60  7:29  SCV  
  64  7:41  SCV  
  64  7:42  SCV  
  64  7:44  Sensor Tower  
  66  7:49  Bunker  
  66  7:53  SCV  
  66  7:55  SCV  
  66  7:57  Armory  
  66  7:58  Barracks Reactor  
  68  8:05  SCV  
  69  8:07  SCV  
  69  8:09  Supply Depot  
  70  8:17  SCV  
  70  8:19  SCV  
  72  8:29  SCV  
  72  8:31  SCV  
  74  8:41  SCV  
  74  8:43  SCV  
  76  8:49  Medivac x2  
  76  8:53  Factory  
  80  8:57  Marine  
  80  9:01  Supply Depot, Hellion  
  81  9:06  Hellion  
  81  9:09  Command Center  
  70  9:19  Medivac  
  70  9:22  Starport Reactor  
  70  9:23  Factory Tech Lab  
  61  9:30  Viking  
  59  9:32  Marine  
  59  9:36  Marine  
  52  9:39  Marine  
  51  9:50  Marine  
  50  9:54  Marine  
  50  9:55  Viking  
  50  9:59  Marine  
  54  10:08  Marine  
  54  10:12  Marine  
  49  10:17  Marine  
  46  10:25  Viking  
  46  10:26  Marine  
  41  10:30  Marine  
  41  10:35  Marine  
  31  10:44  Marine  
  31  10:48  Marine  
  24  11:05  Marine  
  18  11:41  Barracks  
  18  12:00  Command Center  
  18  12:08  Supply Depot  
  18  12:09  SCV  
  18  12:13  SCV  
  20  12:27  Marine  
  21  12:34  SCV  
  21  12:35  SCV  
  23  12:39  Factory  
  23  12:42  Supply Depot  
  23  12:46  Marine, SCV  
  23  12:50  SCV  
  23  12:51  Barracks  
  26  12:59  SCV  
  26  13:02  SCV  
  26  13:04  Barracks Tech Lab  
  28  13:11  SCV  
  28  13:14  SCV  
  28  13:17  SCV  
  30  13:22  Marine  
  30  13:23  SCV  
  32  13:27  SCV, Starport, Factory Tech Lab  
  33  13:37  Marine  
  33  13:40  Marine, Factory  
  34  13:50  Hellion  
  34  13:56  Barracks Tech Lab  
  34  13:58  Marine  
  34  13:59  SCV  
  34  14:02  Barracks  
  34  14:04  Starport Tech Lab  
  30  14:11  Hellion  
  30  14:12  Barracks Reactor  
  30  14:16  Marauder  
  33  14:23  Viking  
  28  14:28  SCV  
  27  14:33  Hellion  
  27  14:34  SCV  
  27  14:37  Marine, SCV  
  25  14:48  SCV  
  25  14:49  SCV x2  
  28  14:55  Marine  
  25  15:01  SCV  
  20  15:13  SCV  
Show
View Real Time Build Order
Export as new Build Order

A.I. 5 (Harder) Terran 

Build Orders:  

Get SALT Encoding   

  12  0:01  SCV  
  13  0:13  SCV  
  14  0:19  Supply Depot  
  14  0:25  SCV  
  15  0:41  SCV  
  16  0:45  Barracks  
  16  0:49  Refinery  
  16  0:53  SCV  
  17  1:05  SCV  
  18  1:17  SCV  
  19  1:22  Supply Depot  
  19  1:30  SCV  
  19  1:32  Marine  
  21  1:43  Orbital Command, Barracks  
  21  1:50  Refinery, Barracks Tech Lab  
  21  2:08  Marine, Factory  
  22  2:26  Marauder  
  22  2:28  Supply Depot  
  24  2:30  Marine  
  25  2:48  Marauder  
  29  2:51  Hellion  
  29  2:55  Supply Depot  
  29  2:59  Marine  
  30  3:09  Marine  
  31  3:17  Marine  
  34  3:27  Marauder  
  34  3:32  Supply Depot  
  34  3:35  Hellion  
  38  3:48  Marauder  
  38  3:52  SCV  
  39  3:56  Hellion  
  41  4:03  Supply Depot  
  41  4:04  SCV  
  42  4:15  Engineering Bay  
  42  4:16  SCV  
  43  4:17  Hellion  
  45  4:28  SCV  
  46  4:39  Hellion  
  46  4:40  SCV  
  49  4:53  SCV  
  50  5:00  Hellion  
  52  5:21  Hellion  
  54  6:16  Reaper  
  55  6:19  Stimpack  
  55  6:20  Marine, Terran Infantry Weapons Level 1, Factory Tech Lab, Factory  
  55  6:25  Starport  
  56  6:26  Command Center  
  56  6:31  Starport  
  56  6:33  Supply Depot  
  56  6:38  Marine  
  57  6:49  Barracks Tech Lab  
  57  6:56  Marine  
  57  6:59  Supply Depot  
  58  7:02  Starport Tech Lab  
  58  7:03  Factory Tech Lab  
  58  7:06  Marine  
  58  7:07  Combat Shield  
  58  7:08  Starport Tech Lab, Missile Turret  
  59  7:14  Marine, Missile Turret  
  60  7:21  Raven  
  62  7:23  Supply Depot  
  62  7:25  Marauder  
  62  7:27  Raven  
  66  7:32  Marine  
  66  7:33  Sensor Tower  
  67  7:39  Bunker  
  67  7:42  SCV  
  68  7:46  Reaper, SCV  
  68  7:47  Refinery  
  68  7:49  Marine  
  71  7:54  SCV  
  73  7:58  SCV  
  73  8:02  Concussive Shells  
  73  8:06  SCV  
  73  8:07  Marine  
  73  8:09  Missile Turret  
  73  8:10  SCV  
  76  8:14  Terran Infantry Armor Level 1  
  76  8:18  Reaper, SCV  
  78  8:21  Missile Turret  
  78  8:22  SCV  
  78  8:26  Marauder  
  81  8:30  SCV  
  82  8:34  SCV  
  82  8:38  Armory  
  83  8:42  SCV  
  83  8:46  Marine  
  83  8:47  SCV, Bunker  
  86  8:50  Marine  
  86  8:54  SCV  
  87  8:59  SCV  
  88  9:04  Reaper  
  88  9:06  SCV  
  88  9:07  Marine  
  88  9:09  Barracks  
  91  9:11  Supply Depot  
  91  9:32  Reaper  
  91  9:37  Marine  
  78  9:38  SCV  
  44  9:55  Barracks Reactor  
  44  9:56  SCV, Marauder  
  47  10:04  Marine  
  47  10:06  Refinery  
  47  10:17  Marauder  
  47  10:21  Raven  
  49  10:22  Marine  
  49  10:25  Raven  
  49  10:27  Hellion  
  54  10:32  Reaper  
  55  10:36  Siege Tank  
  55  10:40  Marine  
  56  10:45  Reaper, Command Center  
  57  10:50  Marine  
  58  10:58  Marine  
  58  11:03  Marine  
  60  11:04  Factory  
  60  11:07  Marine  
  60  11:08  Hellion  
  60  11:11  Medivac  
  65  11:12  Siege Tank, Starport  
  65  11:17  Medivac, Marauder  
  72  11:21  Marine  
  72  11:26  Marine  
  72  11:30  Marine  
  72  11:38  Marine  
  72  11:39  Marine  
  74  11:41  Medivac  
  74  11:44  Hellion  
  76  11:47  Raven  
  76  11:48  Starport Reactor  
  76  11:49  Hellion  
  76  11:50  Factory Tech Lab  
  76  11:53  Marine  
  75  11:57  Marine  
  76  12:02  Marine  
  73  12:11  Viking  
  76  12:15  Marauder  
  76  12:16  Hellion  
  76  12:17  Refinery  
  76  12:20  Marine  
  78  12:24  Marine  
  78  12:28  Refinery  
  78  12:29  Marine  
  78  12:30  Raven  
  78  12:36  Marine  
  79  12:37  Medivac x2  
  79  12:38  Siege Tank  
  79  12:40  SCV  
  79  12:41  Raven, SCV  
  79  12:43  Marine, SCV  
  92  12:47  Marine  
  93  12:51  Siege Tank  
  93  12:52  SCV  
  93  12:54  SCV  
  93  12:55  SCV  
  93  12:56  Siege Tank  
  102  13:04  SCV  
  105  13:06  SCV, Marauder  
  105  13:08  SCV  
  105  13:11  Supply Depot  
  111  13:14  Viking  
  111  13:18  Siege Tank  
  116  13:23  SCV  
  109  13:27  Marine  
  109  13:31  Marine  
  87  13:36  Marine  
  74  13:46  Marine  
  26  13:59  SCV  
  16  14:21  Supply Depot  
  7  14:47  Command Center  
Show
View Real Time Build Order
Export as new Build Order

A.I. 4 (Harder) Terran 

Build Orders:  

Get SALT Encoding   

  12  0:01  SCV  
  13  0:13  SCV  
  14  0:20  Supply Depot  
  14  0:25  SCV  
  15  0:42  SCV  
  16  0:44  Barracks  
  16  0:50  Refinery  
  16  0:54  SCV  
  17  1:06  SCV  
  18  1:18  SCV  
  18  1:21  Supply Depot  
  19  1:31  Marine, SCV  
  21  1:43  Barracks  
  21  1:44  Orbital Command  
  21  1:49  Marine  
  21  1:50  Refinery  
  22  2:07  Barracks Tech Lab  
  22  2:09  Supply Depot  
  22  2:25  Marine  
  23  2:31  Marine  
  24  2:43  Marine  
  25  2:46  Supply Depot  
  25  2:49  Marine  
  26  3:01  Marauder  
  28  3:07  Marine  
  29  3:22  Marauder  
  29  3:23  Supply Depot  
  29  3:25  Marine  
  32  3:27  SCV  
  33  3:39  SCV  
  33  3:40  Engineering Bay  
  34  3:43  Marine  
  34  3:44  Marine  
  36  3:52  SCV  
  37  4:02  Marauder  
  39  4:04  SCV  
  39  4:08  Supply Depot  
  40  4:16  SCV  
  41  4:23  Marauder  
  43  4:28  SCV  
  44  4:44  Marauder  
  46  5:06  Marauder  
  48  5:27  Marauder  
  50  5:43  Barracks Tech Lab  
  50  5:45  Stimpack  
  50  5:46  Terran Infantry Weapons Level 1  
  50  5:47  Factory  
  50  5:48  Reaper  
  51  5:51  Factory  
  51  5:52  Command Center  
  51  5:55  Supply Depot  
  51  6:01  Reaper, Combat Shield  
  52  6:08  Ghost Academy  
  52  6:20  Marine  
  48  6:33  Marine  
  48  6:36  Starport  
  48  6:38  Marine  
  37  6:40  Starport  
  37  6:41  Factory Tech Lab  
  37  6:42  Factory Tech Lab  
  33  6:51  Marine  
  34  6:56  Marauder  
  36  7:05  SCV  
  36  7:08  SCV  
  38  7:09  Marine  
  38  7:11  Refinery  
  38  7:15  Refinery, Starport Tech Lab  
  39  7:17  Starport Tech Lab  
  39  7:18  SCV, Marauder  
  39  7:20  SCV  
  43  7:24  Concussive Shells  
  43  7:27  Marine  
  44  7:30  SCV  
  44  7:32  SCV  
  46  7:39  Marine  
  46  7:40  Terran Infantry Armor Level 1  
  46  7:42  SCV  
  48  7:44  SCV  
  48  7:45  Marauder  
  48  7:51  Raven  
  53  7:54  SCV  
  53  7:56  SCV, Ghost  
  57  8:02  Raven  
  59  8:06  Marine, SCV  
  59  8:08  SCV  
  62  8:15  Missile Turret  
  62  8:18  SCV  
  63  8:20  SCV  
  63  8:21  Missile Turret  
  63  8:24  Marine  
  63  8:25  Marine  
  66  8:30  SCV, Missile Turret  
  66  8:34  Missile Turret  
  67  8:38  Supply Depot, SCV  
  68  8:42  Marine, SCV  
  68  8:43  Marine  
  71  8:50  SCV  
  71  8:53  Bunker  
  71  8:54  SCV  
  73  8:59  Marine  
  73  9:00  Bunker  
  73  9:01  Marauder  
  76  9:04  Sensor Tower  
  76  9:11  Armory  
  74  9:18  Marauder  
  74  9:19  Raven  
  74  9:20  Barracks  
  74  9:22  Marine  
  63  9:39  Marine  
  63  9:40  Reaper  
  56  9:56  Marine  
  57  10:05  Raven  
  59  10:07  Barracks Reactor  
  59  10:12  Marauder  
  61  10:14  Marine  
  61  10:17  Factory  
  61  10:19  Command Center  
  55  10:32  Marine  
  55  10:34  Marauder  
  55  10:35  Medivac  
  60  10:36  Starport  
  58  10:43  Marine  
  58  10:46  Siege Tank  
  58  10:48  Raven  
  58  10:49  Marine  
  64  10:53  Marauder  
  64  10:55  Marine  
  67  11:01  Marine, Factory Tech Lab  
  68  11:05  Medivac  
  68  11:07  Marine, Supply Depot  
  71  11:12  Medivac  
  71  11:13  Marine  
  71  11:14  Marauder  
  75  11:18  Marine  
  75  11:25  Marine  
  73  11:26  Siege Tank  
  73  11:31  Marine, Raven  
  79  11:34  SCV  
  79  11:35  Marine, SCV  
  79  11:37  Marine  
  79  11:38  SCV  
  83  11:41  Refinery  
  83  11:42  Marine  
  83  11:44  Refinery, Starport Reactor  
  83  11:45  Raven  
  83  11:46  SCV  
  83  11:48  SCV  
  83  11:49  Marauder  
  83  11:50  SCV  
  83  11:53  Marine  
  88  11:54  Marine  
  88  11:58  SCV  
  88  12:00  Marine, SCV  
  92  12:02  SCV  
  89  12:10  Marine, SCV  
  89  12:11  Marauder  
  89  12:12  Marine  
  89  12:14  Medivac  
  93  12:16  SCV  
  93  12:17  Siege Tank  
  93  12:18  Marine  
  95  12:28  Marine, Supply Depot  
  87  12:30  Marine  
  87  12:31  Marine  
  87  12:33  SCV  
  86  12:37  SCV  
  86  12:44  Viking  
  84  12:47  Marauder  
  80  12:57  Marine  
  26  13:25  SCV  
  20  13:47  Command Center  
  18  13:56  SCV  
  18  13:58  Barracks  
  19  14:03  Supply Depot  
  17  14:27  SCV  
Show
View Real Time Build Order
Export as new Build Order

CmdrBeaumont Protoss - Winner!

Build Orders:  

Get SALT Encoding   

  12  0:02  Probe (Chrono Boost)  
  13  0:12  Probe (Chrono Boost)  
  14  0:21  Probe  
  15  1:00  Pylon  
  15  1:12  Assimilator  
  15  1:15  Pylon  
  16  1:18  Probe  
  16  1:24  Nexus  
  16  1:30  Probe (Chrono Boost)  
  18  1:41  Probe (Chrono Boost)  
  18  1:45  Gateway  
  18  1:46  Probe (Chrono Boost)  
  18  1:50  Gateway  
  19  1:55  Pylon  
  19  1:57  Probe  
  20  2:13  Forge  
  20  2:21  Gateway  
  20  2:28  Gateway  
  20  2:36  Probe (Chrono Boost)  
  21  2:41  Assimilator  
  21  2:47  Probe (Chrono Boost)  
  21  2:50  Probe (Chrono Boost)  
  23  2:57  Probe (Chrono Boost)  
  23  2:58  Probe (Chrono Boost)  
  25  2:59  Zealot  
  25  3:03  Probe (Chrono Boost)  
  25  3:04  Zealot  
  30  3:12  Probe  
  31  3:13  Probe  
  31  3:17  Assimilator  
  32  3:20  Assimilator  
  32  3:24  Probe  
  32  3:25  Probe  
  34  3:28  Zealot  
  36  3:36  Probe  
  37  3:43  Photon Cannon  
  37  3:46  Photon Cannon  
  37  3:51  Photon Cannon  
  37  3:59  Photon Cannon  
  37  4:07  Photon Cannon  
  37  4:18  Photon Cannon  
  37  4:27  Cybernetics Core  
  37  4:36  Probe (Chrono Boost)  
  38  4:45  Probe (Chrono Boost)  
  40  4:47  Probe (Chrono Boost)  
  41  4:53  Probe (Chrono Boost)  
  41  4:55  Probe (Chrono Boost)  
  41  4:56  Protoss Shields Level 1  
  41  4:58  Probe (Chrono Boost)  
  43  5:03  Probe (Chrono Boost)  
  43  5:04  Assimilator  
  44  5:09  Assimilator  
  44  5:13  Probe (Chrono Boost)  
  46  5:15  Probe (Chrono Boost)  
  47  5:21  Probe (Chrono Boost)  
  47  5:23  Probe (Chrono Boost)  
  46  5:29  Probe  
  46  5:32  Probe  
  46  5:35  Nexus  
  44  5:41  Probe  
  45  5:44  Probe  
  46  5:57  Nexus  
  46  5:59  Protoss Air Weapons Level 1  
  46  6:00  Assimilator  
  46  6:05  Assimilator  
  46  6:20  Probe (Chrono Boost)  
  46  6:21  Probe (Chrono Boost)  
  48  6:31  Probe (Chrono Boost)  
  50  6:32  Probe (Chrono Boost)  
  50  6:36  Probe (Chrono Boost)  
  50  6:37  Probe (Chrono Boost)  
  52  6:43  Pylon  
  52  6:44  Pylon  
  52  6:45  Pylon  
  52  6:46  Pylon, Probe x2  
  54  6:47  Pylon  
  54  6:49  Pylon  
  54  6:50  Pylon  
  54  6:51  Pylon  
  54  6:52  Pylon  
  54  6:58  Probe x2  
  54  7:00  Pylon  
  56  7:01  Pylon  
  56  7:02  Pylon  
  56  7:04  Pylon  
  56  7:05  Pylon  
  56  7:07  Pylon  
  56  7:11  Pylon  
  56  7:12  Pylon  
  56  7:15  Pylon  
  57  7:22  Probe (Chrono Boost)  
  58  7:30  Probe (Chrono Boost)  
  58  7:33  Probe (Chrono Boost)  
  58  7:34  Probe (Chrono Boost)  
  61  7:38  Probe (Chrono Boost)  
  61  7:42  Probe x2 (Chrono Boost)  
  63  7:45  Probe (Chrono Boost)  
  63  7:47  Probe (Chrono Boost)  
  63  7:49  Probe  
  66  7:54  Probe  
  66  7:58  Probe  
  68  8:01  Probe  
  69  8:06  Probe  
  69  8:08  Protoss Air Armor Level 1  
  69  8:10  Probe (Chrono Boost)  
  71  8:13  Probe (Chrono Boost)  
  72  8:25  Probe (Chrono Boost)  
  74  8:28  Probe (Chrono Boost)  
  76  8:34  Probe (Chrono Boost)  
  76  8:35  Probe (Chrono Boost)  
  76  8:39  Probe x2 (Chrono Boost)  
  76  8:40  Probe x2 (Chrono Boost)  
  80  8:49  Probe x2  
  80  8:51  Probe x2  
  84  8:56  Stargate x2  
  84  8:58  Stargate  
  84  9:00  Stargate  
  84  9:01  Probe x2  
  84  9:02  Stargate  
  86  9:03  Stargate, Probe  
  86  9:05  Stargate  
  86  9:09  Stargate  
  87  9:10  Stargate  
  87  9:13  Stargate, Probe x2  
  87  9:15  Stargate  
  89  9:18  Stalker x2  
  89  9:19  Stalker  
  97  9:25  Probe x2  
  99  9:40  Stalker  
  99  9:41  Fleet Beacon  
  99  9:42  Void Ray x4  
  99  9:43  Void Ray  
  99  9:46  Robotics Facility  
  99  9:47  Void Ray x2  
  99  9:48  Sentry, Stalker  
  99  9:49  Sentry  
  99  9:50  Void Ray x2  
  125  9:53  Void Ray x2  
  149  10:02  Warp Gate  
  149  10:10  Sentry  
  151  10:15  Sentry x2  
  151  10:18  Sentry  
  151  10:19  Void Ray  
  151  10:20  Twilight Council  
  161  10:28  Void Ray  
  161  10:29  Void Ray x4  
  181  10:36  Void Ray, Sentry  
  181  10:41  Sentry  
  181  10:42  Sentry  
  191  10:49  Void Ray  
  191  10:50  Void Ray  
  199  11:10  Observer  
  200  11:22  Pylon  
  200  11:23  Pylon  
  200  11:25  Pylon  
  200  11:26  Pylon  
  200  11:27  Pylon  
  200  11:35  Pylon x2  
  200  11:36  Pylon  
  200  11:37  Pylon  
  200  11:44  Flux Vanes  
  200  11:49  Protoss Shields Level 2  
  200  12:08  Protoss Air Weapons Level 2  
  192  14:21  Unknown  
Show
View Real Time Build Order
Export as new Build Order

TNF Protoss - Winner!

Build Orders:  

Get SALT Encoding   

  12  0:02  Probe  
  13  0:14  Probe  
  14  0:26  Probe  
  15  0:29  Pylon  
  15  0:35  Assimilator  
  15  0:52  Forge  
  15  0:57  Gateway  
  15  1:10  Assimilator  
  15  1:33  Photon Cannon  
  15  1:48  Cybernetics Core  
  15  1:51  Probe  
  16  2:03  Probe  
  17  2:15  Probe  
  18  2:25  Nexus  
  18  2:27  Probe  
  19  2:35  Zealot  
  21  2:39  Probe  
  22  2:46  Assimilator  
  22  2:49  Assimilator  
  22  2:51  Probe  
  23  3:03  Pylon  
  23  3:10  Stargate  
  23  3:22  Stargate  
  23  3:33  Probe  
  24  3:45  Probe  
  25  3:52  Protoss Shields Level 1  
  25  3:57  Probe  
  26  4:04  Protoss Air Weapons Level 1  
  26  4:08  Probe (Chrono Boost)  
  27  4:20  Probe (Chrono Boost)  
  28  4:25  Void Ray (Chrono Boost), Probe (Chrono Boost)  
  33  4:32  Void Ray (Chrono Boost)  
  33  4:34  Probe  
  38  4:46  Probe  
  39  5:05  Void Ray (Chrono Boost)  
  43  5:34  Probe  
  44  5:46  Probe  
  45  5:58  Probe  
  46  6:09  Pylon  
  46  6:16  Pylon  
  46  6:21  Void Ray (Chrono Boost)  
  46  6:22  Pylon  
  46  6:23  Void Ray (Chrono Boost)  
  54  6:34  Probe  
  55  6:46  Probe  
  56  6:55  Void Ray x2 (Chrono Boost)  
  56  6:58  Probe  
  65  7:10  Probe  
  66  7:22  Probe  
  67  7:35  Probe  
  68  7:47  Probe  
  69  7:53  Nexus  
  69  7:58  Assimilator  
  69  7:59  Probe  
  69  8:01  Assimilator  
  70  8:09  Pylon  
  70  8:21  Void Ray  
  70  8:26  Pylon  
  75  8:27  Probe  
  75  8:30  Pylon  
  75  8:36  Pylon  
  75  8:38  Void Ray (Chrono Boost)  
  75  8:39  Probe  
  76  8:41  Pylon  
  80  8:51  Probe  
  81  8:57  Void Ray (Chrono Boost)  
  81  9:03  Probe  
  86  9:13  Void Ray (Chrono Boost)  
  86  9:15  Probe  
  87  9:17  Protoss Ground Armor Level 1  
  91  9:34  Protoss Air Armor Level 1  
  91  9:39  Photon Cannon  
  91  9:41  Photon Cannon  
  91  9:44  Photon Cannon  
  87  9:49  Photon Cannon  
  87  9:55  Photon Cannon  
  87  10:18  Void Ray  
  87  10:19  Void Ray, Probe  
  94  10:31  Probe  
  95  10:36  Stalker  
  97  10:43  Probe  
  94  10:55  Void Ray, Probe  
  94  10:56  Void Ray  
  95  10:58  Photon Cannon  
  95  11:00  Photon Cannon  
  103  11:06  Stalker  
  103  11:07  Probe  
  106  11:12  Photon Cannon  
  106  11:25  Protoss Ground Weapons Level 1  
  106  11:36  Stalker  
  108  12:06  Stalker  
  78  12:36  Stalker  
  76  12:42  Void Ray (Chrono Boost)  
  76  12:43  Void Ray (Chrono Boost)  
  76  13:10  Void Ray (Chrono Boost)  
  76  13:13  Void Ray  
  84  13:47  Void Ray  
  84  13:50  Void Ray  
  92  14:25  Void Ray  
  92  14:27  Void Ray  
Show
View Real Time Build Order
Export as new Build Order

Raynar Protoss - Winner!

Build Orders: 1 Gate Expand 

Get SALT Encoding   

  12  0:00  Probe  
  13  0:12  Probe  
  14  0:20  Pylon  
  14  0:24  Probe  
  15  0:38  Probe  
  15  0:40  Gateway  
  16  0:50  Probe  
  16  0:53  Assimilator  
  17  1:02  Probe  
  18  1:14  Probe  
  19  1:26  Probe  
  20  1:34  Nexus  
  20  1:36  Pylon  
  20  1:46  Probe  
  21  1:58  Cybernetics Core, Probe (Chrono Boost)  
  22  2:10  Probe (Chrono Boost)  
  23  2:16  Probe (Chrono Boost)  
  23  2:18  Forge  
  23  2:21  Pylon  
  24  2:24  Probe  
  24  2:26  Pylon  
  25  2:37  Pylon  
  25  2:39  Assimilator  
  25  2:42  Probe  
  26  2:54  Probe  
  26  2:58  Pylon, Stargate  
  27  3:06  Probe  
  28  3:19  Photon Cannon  
  28  3:22  Photon Cannon  
  28  3:30  Shield Battery  
  28  3:37  Probe (Chrono Boost)  
  28  3:40  Probe (Chrono Boost)  
  30  3:46  Void Ray (Chrono Boost)  
  31  3:49  Probe (Chrono Boost)  
  31  3:53  Probe (Chrono Boost)  
  31  3:54  Probe (Chrono Boost)  
  37  4:01  Probe  
  38  4:03  Probe  
  38  4:04  Photon Cannon  
  38  4:07  Protoss Shields Level 1 (Chrono Boost)  
  39  4:15  Void Ray (Chrono Boost)  
  39  4:16  Probe  
  44  4:26  Probe  
  44  4:28  Probe  
  46  4:38  Probe  
  46  4:40  Probe  
  48  4:46  Void Ray (Chrono Boost)  
  48  4:50  Pylon  
  52  4:55  Pylon  
  52  5:06  Shield Battery  
  52  5:11  Photon Cannon  
  52  5:37  Void Ray (Chrono Boost)  
  56  5:58  Assimilator, Probe x2  
  56  6:01  Assimilator  
  58  6:07  Shield Battery, Void Ray (Chrono Boost)  
  58  6:10  Probe x2  
  64  6:22  Probe x2  
  66  6:34  Probe x2  
  68  6:41  Void Ray (Chrono Boost)  
  68  6:45  Protoss Air Weapons Level 1 (Chrono Boost)  
  68  6:46  Probe x2  
  74  6:47  Twilight Council  
  74  7:03  Probe x2  
  76  7:15  Void Ray, Stargate, Probe x2  
  82  7:58  Nexus  
  82  8:01  Pylon  
  82  8:03  Void Ray  
  82  8:04  Pylon  
  82  8:08  Assimilator  
  82  8:11  Assimilator  
  86  8:24  Shield Battery  
  86  8:26  Shield Battery  
  86  8:27  Shield Battery  
  86  8:29  Shield Battery  
  86  8:30  Shield Battery  
  86  8:33  Shield Battery, Photon Cannon  
  86  8:34  Photon Cannon  
  86  8:36  Photon Cannon  
  86  8:37  Photon Cannon  
  86  8:38  Photon Cannon  
  86  8:40  Photon Cannon  
  86  8:41  Photon Cannon  
  86  8:43  Photon Cannon  
  86  8:44  Photon Cannon  
  85  9:29  Void Ray x2  
  93  9:47  Protoss Shields Level 2 (Chrono Boost)  
  93  9:52  Protoss Air Armor Level 1  
  93  10:04  Fleet Beacon  
  93  10:11  Photon Cannon  
  93  10:14  Photon Cannon  
  93  10:21  Photon Cannon x2  
  93  10:40  Nexus, Pylon  
  93  10:43  Pylon  
  93  10:46  Pylon  
  93  10:47  Pylon  
  93  10:50  Pylon  
  93  10:52  Void Ray x2  
  93  10:53  Pylon  
  93  10:57  Assimilator  
  93  10:59  Assimilator  
  101  11:14  Shield Battery  
  101  11:15  Shield Battery x2  
  101  11:17  Shield Battery  
  101  11:19  Shield Battery  
  101  11:20  Shield Battery  
  101  11:22  Shield Battery  
  101  11:26  Photon Cannon x2  
  101  11:29  Photon Cannon x2, Void Ray x2  
  101  11:31  Photon Cannon  
  101  11:33  Photon Cannon  
  101  11:34  Photon Cannon  
  101  11:36  Photon Cannon  
  101  11:37  Photon Cannon x2  
  109  11:40  Photon Cannon  
  109  11:42  Photon Cannon x2  
  109  11:44  Photon Cannon  
  109  11:48  Pylon  
  109  11:50  Pylon  
  109  11:54  Pylon  
  109  12:07  Void Ray  
  109  12:12  Tempest  
  118  12:46  Tempest (Chrono Boost), Void Ray (Chrono Boost)  
  123  12:56  Flux Vanes  
  127  13:10  Protoss Air Weapons Level 2  
  127  13:16  Void Ray (Chrono Boost)  
  136  13:29  Tempest (Chrono Boost)  
  136  13:56  Tempest (Chrono Boost)  
  141  14:05  Tempest (Chrono Boost)  
  152  15:23  Unknown  
Show
View Real Time Build Order
Export as new Build Order

Throwfordays Protoss - Winner!

Build Orders: 1 Gate Expand 

Get SALT Encoding   

  12  0:01  Probe  
  13  0:13  Probe  
  14  0:23  Pylon  
  14  0:25  Probe  
  15  0:42  Gateway  
  15  0:43  Probe  
  16  0:53  Assimilator  
  16  0:55  Probe  
  17  1:07  Probe  
  18  1:19  Probe  
  19  1:31  Probe  
  20  1:34  Nexus  
  20  1:45  Assimilator  
  20  1:50  Cybernetics Core  
  20  2:01  Probe  
  20  2:08  Pylon  
  21  2:13  Probe  
  22  2:21  Warp Gate (Chrono Boost)  
  22  2:25  Gateway, Probe  
  23  2:38  Pylon  
  23  2:41  Stalker  
  25  2:53  Probe (Chrono Boost)  
  27  3:03  Probe x2 (Chrono Boost)  
  28  3:08  Probe (Chrono Boost)  
  28  3:09  Gateway  
  28  3:10  Probe  
  30  3:20  Probe  
  30  3:21  Stalker  
  30  3:22  Probe  
  34  3:29  Stalker  
  34  3:32  Probe  
  37  3:37  Gateway  
  37  3:43  Probe  
  37  3:44  Probe  
  39  3:53  Shield Battery  
  39  3:55  Shield Battery, Probe  
  40  4:04  Stalker x2  
  44  4:13  Stalker  
  46  4:17  Pylon  
  46  4:18  Probe  
  46  4:22  Probe  
  48  4:27  Assimilator  
  48  4:30  Probe  
  49  4:33  Assimilator  
  49  4:34  Probe  
  49  4:37  Stalker  
  52  4:39  Stalker  
  52  4:42  Probe  
  52  4:45  Stalker  
  57  4:49  Stalker  
  59  5:01  Probe  
  59  5:04  Probe  
  61  5:07  Pylon  
  61  5:13  Probe  
  62  5:21  Nexus  
  62  5:25  Pylon, Probe x2  
  64  5:31  Stalker x2  
  68  5:37  Probe  
  69  5:44  Stalker x2  
  69  5:49  Pylon  
  73  5:51  Robotics Facility  
  73  5:52  Robotics Facility  
  73  5:58  Probe (Chrono Boost)  
  74  6:08  Probe (Chrono Boost)  
  74  6:09  Probe (Chrono Boost)  
  76  6:15  Probe (Chrono Boost)  
  76  6:17  Probe (Chrono Boost)  
  78  6:20  Probe (Chrono Boost)  
  78  6:25  Probe  
  80  6:31  Probe  
  77  6:34  Stalker x3  
  77  6:36  Stalker  
  77  6:37  Probe  
  84  6:43  Probe  
  85  6:56  Probe  
  86  7:08  Probe, Immortal x2  
  95  7:12  Stalker x2  
  95  7:14  Stalker  
  101  7:21  Pylon  
  101  7:35  Assimilator  
  101  7:38  Assimilator  
  101  7:39  Probe  
  101  7:43  Pylon  
  102  7:51  Probe  
  102  7:55  Nexus  
  103  8:02  Gateway  
  103  8:03  Gateway, Probe  
  103  8:04  Stalker x3  
  103  8:05  Stalker  
  112  8:08  Assimilator  
  112  8:14  Assimilator  
  112  8:15  Twilight Council  
  112  8:16  Probe  
  112  8:19  Immortal  
  117  8:25  Pylon  
  117  8:27  Pylon  
  117  8:30  Pylon  
  117  8:43  Probe x2  
  117  8:44  Immortal  
  123  8:56  Probe x2  
  123  8:58  Immortal  
  129  9:08  Probe x2  
  131  9:17  Stalker x3  
  131  9:18  Stalker x3  
  131  9:23  Immortal  
  123  9:57  Stalker x6  
  135  10:05  Templar Archives  
  135  10:08  Dark Shrine  
  131  10:25  Immortal x2  
  131  10:27  Stalker x6  
  149  10:39  Psionic Storm  
  147  10:52  Charge  
  147  10:53  Forge  
  147  10:54  Forge  
  147  10:58  Forge  
  147  11:22  Stalker x4  
  155  11:27  Pylon  
  155  11:28  Pylon  
  155  11:29  Pylon  
  155  11:31  Pylon  
  155  11:33  Pylon  
  155  11:36  Pylon  
  155  11:39  Pylon  
  155  11:53  Stalker x5  
  139  12:17  Stalker x2  
  139  12:18  Stalker x4  
  151  12:23  Protoss Ground Weapons Level 1 (Chrono Boost), Protoss Ground Armor Level 1 (Chrono Boost), Protoss Shields Level 1 (Chrono Boost)  
  151  12:25  Shadow Stride  
  151  12:32  Resonating Glaives  
  151  12:42  High Templar x3  
  151  12:43  High Templar x3  
  161  14:04  Stalker x3  
  161  14:05  Stalker x3  
  171  14:33  Stalker  
  171  14:34  Stalker x5  
  183  14:58  Archon x2  
  183  14:59  Archon  
Tags
 
Add a new tag
Caveats
  • Supply blocks, unpowered buildings, or Contaminate may cause inaccurate times.
  • Supply counts are checked every 10 seconds.